 Dungeon Crawl Stone Soup version 0.29-a0-617-g7a6b98fccd (webtiles) character file.

Game seed: 495834764823552363

557 dolemite99 the Geomancer (level 7, -3/36 HPs)
             Began as a Gargoyle Earth Elementalist on June 18, 2022.
             Was a Priest of Fedhas.
             Slain by an ice beast (14 damage)
             ... on level 5 of the Dungeon.
             The game lasted 00:05:01 (5619 turns).

dolemite99 the Geomancer (GrEE)                     Turns: 5619, Time: 00:05:02

Health: -3/36      AC:  6    Str: 11    XL:     7   Next: 30%
Magic:  10/13      EV: 11    Int: 18    God:    Fedhas [***...]
Gold:   321        SH:  0    Dex: 10    Spells: 10/14 levels left

rFire   . . .      SeeInvis .   a - +0 hunting sling
rCold   . . .      Faith    .   (no shield)
rNeg    + . .      Spirit   .   m - +0 robe
rPois   ∞          Reflect  .   (no helmet)
rElec   +          Harm     .   (no cloak)
rCorr   .          Rampage  .   (no gloves)
Will    .....                   (no boots)
Stlth   ++........              (no amulet)
HPRegen 0.12/turn               (no ring)
MPRegen 0.13/turn               (no ring)

@: no status effects
A: sickness immunity, AC +4, negative energy resistance 1, electricity
resistance, torment resistance 1, petrification resistance
a: Renounce Religion, Wall of Briars, Grow Ballistomycete


You were on level 5 of the Dungeon.
You worshipped Fedhas.
Fedhas was most pleased with you.
You visited 1 branch of the dungeon, and saw 5 of its levels.

You collected 321 gold pieces.

Inventory:

Hand Weapons
 a - a +0 hunting sling (weapon)
 c - a +0 whip
 r - a +0 hunting sling
 u - a +3 vampiric dagger
Missiles
 o - 121 stones
Armour
 g - a +0 ring mail
 m - a +0 robe (worn)
Wands
 q - a wand of polymorph (9)
Scrolls
 e - a scroll of immolation {unknown}
 f - a scroll of blinking {unknown}
 i - 4 scrolls of noise {unknown}
 k - 3 scrolls of poison {unknown}
 n - 4 scrolls of teleportation {unknown}
 p - 3 scrolls of identify {unknown}
 t - a scroll of silence {unknown}
 w - a scroll of brand weapon {unknown}
Potions
 b - a potion of magic
 d - a potion of degeneration {unknown}
 h - a potion of might {unknown}
 j - 2 potions of mutation {unknown}
 l - a potion of heal wounds {unknown}
 s - a potion of lignification {unknown}
 v - a potion of cancellation {unknown}


   Skills:
 - Level 0.2 Fighting
 - Level 1.5 Dodging
 - Level 2.1 Stealth
 - Level 4.3 Spellcasting
 + Level 0.0 Conjurations
 - Level 0.7 Transmutations
 - Level 8.3 Earth Magic


You had 10 spell levels left.
You knew the following spells:

 Your Spells              Type           Power      Damage    Failure   Level
a - Sandblast             Erth           66%        2d15      1%          1
b - Stone Arrow           Conj/Erth      36%        3d9       8%          3

Your spell library contained the following spells:

 Spells                   Type           Power      Damage    Failure   Level
 Passwall                 Tmut/Erth      16%        N/A       3%          2
 Beastly Appendage        Tmut           12%        N/A       11%         1
 Apportation              Tloc           6%         N/A       14%         1
 Freeze                   Ice            12%        1d4       14%         1
 Necrotize                Necr           12%        1d4       14%         1
 Shock                    Conj/Air       12%        1d3       14%         1
 Summon Small Mammal      Summ           12%        N/A       14%         1
 Wereblood                Tmut           6%         N/A       16%         2
 Petrify                  Tmut/Erth      20%        N/A       22%         4
 Spider Form              Tmut/Pois      5%         N/A       36%         3
 Frozen Ramparts          Ice            6%         1d2       41%         3
 Swiftness                Air            3%         N/A       41%         3
 Airstrike                Air            1%         N/A       82%         4
 Hailstorm                Conj/Ice       3%         3d3       82%         4


Dungeon Overview and Level Annotations

Branches:
Dungeon (5/15)             Temple (0/1) D:4

Altars:
Fedhas
Nemelex Xobeh

Annotations:
D:4 1 runed translucent door, zeratav's ghost, amateur KoBr


Innate Abilities, Weirdness & Mutations

You are immune to sickness and miasma.
Your stone body is resilient. (AC +4)
You are immune to poison.
You resist negative energy. (rN+)
You are resistant to electric shocks. (rElec)
You are resistant to unholy torment.
You are immune to petrification.


Message History

There is a stone staircase leading up here.
Found a quarterstaff.
You see here a +0 quarterstaff.
As you open the door, it creaks loudly!
An orc comes into view. It is wielding a +0 whip.
An ice beast comes into view.
Casting: Sandblast (safe; 1% risk of failure)
Confirm with . or Enter, or press ? or * to list all spells.
Aiming: Sandblast (safe; 1% risk of failure)
Press: ? - help, Shift-Dir - straight line, f - ice beast
Aim: an ice beast (82% to hit)
The blast of sand hits the ice beast but does no damage.
Casting: Sandblast (safe; 1% risk of failure)
Confirm with . or Enter, or press ? or * to list all spells.
Aiming: Sandblast (safe; 1% risk of failure)
Press: ? - help, Shift-Dir - straight line, f/p - ice beast
Aim: an ice beast (82% to hit)
The blast of sand hits the ice beast!
The ice beast is moderately wounded.
The ice beast hits you but does no damage.
The ice beast hits you. The ice beast freezes you!
Casting: Sandblast (safe; 1% risk of failure)
Confirm with . or Enter, or press ? or * to list all spells.
Aiming: Sandblast (safe; 1% risk of failure)
Press: ? - help, Shift-Dir - straight line, f/p - ice beast
Aim: an ice beast (moderately wounded, 82% to hit)
The blast of sand hits the ice beast.
The ice beast is heavily wounded.
The ice beast hits you. The ice beast freezes you!
The ice beast hits you but does no damage.
Casting: Sandblast (safe; 1% risk of failure)
Confirm with . or Enter, or press ? or * to list all spells.
Aiming: Sandblast (safe; 1% risk of failure)
Press: ? - help, Shift-Dir - straight line, f/p - ice beast
Aim: an ice beast (heavily wounded, 82% to hit)
The blast of sand hits the ice beast but does no damage.
The ice beast is heavily wounded.
The ice beast hits you. The ice beast freezes you!
You die...
Fedhas appreciates your contribution to the ecosystem.

#.#..............#.#
#.+..............#.#.#
#.#................#.#
#.#.#########......#.#
#.### ..... #.###.##.#
≈§.§≈.#......#.#
§§≈.≈.#...#..#.#
.§≈≈..'.###..#.###
#oY@.....<.#
#.#######.##
#......##.#
###.###.###.# #...#
#.# #.# ##### #.# #.#
#.# #.# #.# #.#
#.###.##


You could see an ice beast and an orc.

Vanquished Creatures
  An ogre (D:5)
  A black bear (D:4)
  2 scorpions
  3 hounds
  An iguana (D:4)
  4 adders
  A white imp (D:5)
  4 worms
  2 dart slugs
  3 orcs (D:4)
  12 ball pythons
  8 endoplasms
  4 giant cockroaches
  7 goblins
  6 hobgoblins
  8 jackals
  5 kobolds
  2 quokkas (D:4)
  2 bats
  3 frilled lizards
  4 rats
83 creatures vanquished.

Notes
Turn   | Place    | Note
-------+----------+-------------------------------------------
     0 | D:1      | dolemite99 the Gargoyle Earth Elementalist began the quest
                  | for the Orb.
     0 | D:1      | Reached XP level 1. HP: 10/10 MP: 3/3
   345 | D:1      | Found a faded altar of an unknown god.
   346 | D:1      | Noticed a shining eye
   347 | D:1      | Noticed an eye of devastation
   348 | D:1      | Noticed a great orb of eyes
   348 | D:1      | Noticed a golden eye
   353 | D:1      | Prayed at the altar of an unknown god.
   353 | D:1      | Became a worshipper of Fedhas Madash
   353 | D:1      | Reached * piety under Fedhas
   406 | D:1      | Reached skill level 4 in Earth Magic
   406 | D:1      | Reached XP level 2. HP: 14/15 MP: 1/5
  1106 | D:1      | Reached XP level 3. HP: 18/19 MP: 4/6
  1523 | D:2      | Found a sparkling altar of Nemelex Xobeh.
  1875 | D:2      | Reached skill level 5 in Earth Magic
  1915 | D:2      | Reached ** piety under Fedhas
  2088 | D:2      | Reached XP level 4. HP: 24/24 MP: 5/8
  2452 | D:2      | Learned a level 3 spell: Stone Arrow
  2816 | D:3      | Noticed a scorpion
  2824 | D:3      | Killed a scorpion
  2825 | D:3      | Reached skill level 6 in Earth Magic
  2825 | D:3      | Reached XP level 5. HP: 7/28 MP: 4/9
  4294 | D:4      | Found a staircase to the Ecumenical Temple.
  4360 | D:4      | Reached *** piety under Fedhas
  4442 | D:4      | Noticed a black bear
  4450 | D:4      | Killed a black bear
  4451 | D:4      | Reached skill level 7 in Earth Magic
  4451 | D:4      | Reached XP level 6. HP: 14/32 MP: 7/11
  5088 | D:4      | Found a runed translucent door.
  5270 | D:4      | Reached XP level 7. HP: 36/36 MP: 11/13
  5339 | D:4      | Noticed zeratav's ghost (amateur KoBr)
  5460 | D:5      | Entered Level 5 of the Dungeon
  5489 | D:5      | Reached skill level 8 in Earth Magic
  5619 | D:5      | Slain by an ice beast

Illustrated notes

Levels and vault maps discovered:
D:1:      dpeg_arrival_round_c, layout_basic,
          hellmonk_ecumenical_altar_watching_god
D:2:      layout_basic, basic_altar
D:3:      layout_basic, minmay_vboxes
D:4:      layout_gridville, minmay_temple_entry_wispy, ebering_ghost_sewer_d,
          minmay_mini_jars
D:5:      layout_basic, kennysheep_generic_room_9

Skill      XL: |  1  2  3  4  5  6  7 |
---------------+----------------------+-----
Earth Magic    | 4 5 6 7 8 |  8.3
Spellcasting   | 3 4 |  4.3
Fighting       | |  0.2
Dodging        | |  1.5
Stealth        | |  2.1
Transmutations | |  0.7

Action                   |  1- 3 |  4- 6 |  7- 9 || total
-------------------------+-------+-------+-------++-------
Melee: Whip              |    16 |       |       ||    16
 Fire: Hunting sling     |     1 |    40 |     4 ||    45
 Cast: Sandblast         |    35 |    71 |     8 ||   114
Armor: Robe              |    13 |    29 |     2 ||    44
Dodge: Dodged            |    23 |    52 |       ||    75

Table legend: (Time is in decaauts)
 A = Elapsed time spent in this place.
 B = Non-inter-level travel time spent in this place.
 C = Inter-level travel time spent in this place.
 D = Time resting spent in this place.
 E = Time spent auto-exploring this place.
 F = Levels seen in this place.
 G = Mean time per level.
                   A        B        C        D        E       F      G
               +--------+--------+--------+--------+--------+-----+--------+
         Total |   5757 |   5648 |    109 |   1852 |   2985 |   5 | 1151.4 |
       Dungeon |   5757 |   5648 |    109 |   1852 |   2985 |   5 | 1151.4 |
               +--------+--------+--------+--------+--------+-----+--------+

Top non-repeatable levels by time:
     D:4: 1615 daAuts
     D:3: 1377 daAuts
     D:2: 1300 daAuts
     D:1: 1297 daAuts
     D:5: 167 daAuts
